 Dungeon Crawl Stone Soup version 0.26.1-12-g5ba1501909 (webtiles) character file.

Game seed: 8385837119255111832

536 Zeld the Sneak (level 7, 0/48 HPs)
             Began as an Octopode Brigand on Oct 28, 2021.
             Slain by a centaur (7 damage)
             ... on level 5 of the Dungeon.
             The game lasted 00:04:28 (5759 turns).

Zeld the Sneak (Octopode Brigand)                   Turns: 5759, Time: 00:04:29

Health: 0/48       AC:  1    Str: 11    XL:     7   Next: 25%
Magic:  7/7        EV: 14    Int: 13    God:
Gold:   224        SH:  0    Dex: 15    Spells: 6/6 levels left

rFire    . . .     SeeInvis .   a - +2 dagger
rCold    . . .     Faith    .   (no shield)
rNeg     . . .     Spirit   .   (helmet restricted)
rPois    .         Reflect  .   (no amulet)
rElec    .         Harm     .   (no ring)
rCorr    .         Rampage  .   (no ring)
Will     .....                  (no ring)
Stlth    ++++......             (no ring)
HPRegen  0.16/turn              (no ring)
MPRegen  0.10/turn              (no ring)
                                (no ring)
                                (no ring)

@: no status effects
A: almost no armour, stealthy swim, amphibious, 8 rings, constrict 8, camouflage
1, gelatinous body 1
a: no special abilities


You were on level 5 of the Dungeon.
You visited 2 branches of the dungeon, and saw 6 of its levels.

You collected 224 gold pieces.

Inventory:

Hand Weapons
 a - a +2 dagger (weapon)
Missiles
 b - 8 poisoned darts (quivered)
Wands
 q - a wand of iceblast (5)
Scrolls
 d - 8 scrolls of identify {unknown}
 e - a scroll of teleportation {unknown}
 g - a scroll of noise {unknown}
 h - a scroll of remove curse {unknown}
 i - a scroll of random uselessness {unknown}
Potions
 f - a potion of degeneration {unknown}
 j - a potion of invisibility {unknown}
 k - 2 potions of heal wounds {unknown}
 l - 3 potions of curing {unknown}
 m - a potion of mutation {unknown}
 n - 2 potions of resistance {unknown}
 o - 3 potions of cancellation {unknown}
 p - a potion of brilliance {unknown}
 r - 2 potions of berserk rage {unknown}
 s - a potion of might {unknown}
 t - a potion of magic {unknown}


   Skills:
 * Level 4.2 Fighting
 * Level 4.2 Short Blades
 * Level 4.1 Throwing
 + Level 2.5 Dodging
 + Level 6.4 Stealth


You had 6 spell levels left.
You didn't know any spells.
Your spell library contained the following spells:

 Spells                   Type           Power        Failure   Level
 Magic Dart               Conj           0%           30%         1
 Blink                    Tloc           N/A          43%         2
 Call Imp                 Summ           0%           43%         2
 Slow                     Hex            0%           43%         2
 Confusing Touch          Hex            0%           67%         3
 Conjure Flame            Conj/Fire      0%           67%         3
 Gell's Gravitas          Tloc           0%           67%         3
 Mephitic Cloud           Conj/Pois/Air  0%           67%         3
 Petrify                  Tmut/Erth      0%           97%         4
 Metabolic Englaciation   Hex/Ice        0%           100%        5
 Yara's Violent Unravell  Hex/Tmut       0%           100%        5


Dungeon Overview and Level Annotations

Branches:
Dungeon (5/15)             Temple (1/1) D:4

Altars:
Ashenzari
Cheibriados
Elyvilon
Fedhas
Gozag
Hepliaklqana
Nemelex Xobeh
Okawaru
Qazlal
Ru
Sif Muna
Vehumet
Wu Jian
Xom
Yredelemnul
The Shining One

Shops:
D:4 (


Innate Abilities, Weirdness & Mutations

You cannot wear most types of armour.
You are very stealthy in the water. (Stealth+)
You are amphibious.
You can wear up to eight rings at the same time.
You can use your tentacles to constrict eight enemies at once.
Your skin changes colour to match your surroundings (Stealth+).
Your rubbery body absorbs attacks. (AC +1, EV +1)


Message History

Aim: a centaur, quivering 6 arrows (73% to hit)
You throw a curare-tipped dart.
The curare-tipped dart hits the centaur.
The centaur is poisoned.
The centaur convulses.
The centaur seems to slow down.
The centaur is lightly wounded.
The centaur hits you but does no damage.
Throw: dart (curare)
Press: ? - help, Shift-Dir - straight line, f/p - centaur
Aim: a centaur, quivering 6 arrows (lightly wounded, very poisoned, slow, 73% to hit)
You throw a curare-tipped dart.
The curare-tipped dart hits the centaur.
The centaur looks as sick as possible!
The centaur convulses.
The centaur seems to be slow for longer.
The centaur is heavily wounded.
The centaur hits you.
* * * LOW HITPOINT WARNING * * *
You barely miss the centaur.
The centaur is heavily wounded.
The centaur hits you!
You die...

# # ## .## ..## #####
...########...####
.....#.....).....#######
.....................<..
.............(((@c.....[
.....####.....$....#####
..#### ###.######## ###
###


You could see a centaur (extremely poisoned, slow).

Vanquished Creatures
  2 ogres (D:4)
  A bullfrog zombie (D:4)
  An orc wizard (D:3)
  A bullfrog skeleton (D:4)
  2 worker ants
  3 hound zombies (D:4)
  A worker ant zombie (D:4)
  A howler monkey skeleton (D:4)
  4 adders
  A white imp (D:5)
  An ooze (D:4)
  3 adder skeletons (D:4)
  6 dart slugs
  3 leopard geckos
  13 orcs
  2 giant cockroaches (D:1)
  3 goblins
  6 hobgoblins
  4 jackals (D:2)
  2 quokkas
  2 ball pythons
  A ball python zombie (D:4)
  8 bats
  6 frilled lizards
  A jackal skeleton (D:5)
  7 kobolds
  2 leopard gecko skeletons (D:4)
  11 rats
98 creatures vanquished.

Vanquished Creatures (others)
  A plant (D:4)
1 creature vanquished.

Grand Total: 99 creatures vanquished

Notes
Turn   | Place    | Note
-------+----------+-------------------------------------------
     0 | D:1      | Zeld the Octopode Brigand began the quest for the Orb.
     0 | D:1      | Reached XP level 1. HP: 14/14 MP: 1/1
   118 | D:1      | Reached XP level 2. HP: 19/19 MP: 2/2
   801 | D:1      | Reached XP level 3. HP: 25/25 MP: 3/3
  1374 | D:2      | Found an ornate altar of the Wu Jian Council.
  1374 | D:2      | Found a sacrificial altar of Ru.
  1939 | D:3      | Reached XP level 4. HP: 30/30 MP: 4/4
  2602 | D:3      | Reached XP level 5. HP: 10/36 MP: 5/5
  3051 | D:3      | Found a hazy altar of Hepliaklqana.
  3058 | D:3      | Found a radiant altar of Vehumet.
  3425 | D:4      | Found a white marble altar of Elyvilon.
  3444 | D:4      | Noticed an ogre
  3460 | D:4      | Killed an ogre
  3461 | D:4      | Reached skill level 6 in Stealth
  3461 | D:4      | Reached XP level 6. HP: 42/42 MP: 6/6
  3792 | D:4      | Found Zilaok's Weapon Boutique.
  3966 | D:4      | Reached XP level 7. HP: 26/48 MP: 7/7
  4296 | D:4      | Found a staircase to the Ecumenical Temple.
  4313 | Temple   | Entered the Ecumenical Temple
  5128 | D:5      | Entered Level 5 of the Dungeon
  5136 | D:5      | Found a blossoming altar of Fedhas.
  5759 | D:5      | Slain by a centaur

Illustrated notes

Levels and vault maps discovered:
D:1:      giann_wishing_wells, layout_loops_ring, minmay_misc_feat_hallway
D:2:      layout_basic, amethyst_overflow_temple_binary
D:3:      layout_basic, minitemple, chequers_hall_statues_corner_a
D:4:      layout_basic, elyvilon_altar_4, minmay_temple_entry_gardened_gates,
          serial_shops, shop, serial_undead, serial_undead_a, serial_undead_f,
          serial_undead_d, serial_undead_c, grunt_ministairs_11
D:5:      layout_layer_cave, grunt_temple_overflow_open,
          overflow_temple_1_default, serial_shops, shop
Temple:   chequers_temple_sunken

Skill      XL: |  1  2  3  4  5  6 |
---------------+-------------------+-----
Short Blades   | 3 4 |  4.2
Throwing       | 3 4 |  4.1
Fighting       | 3 4 |  4.2
Dodging        | 2 |  2.5
Stealth        | 6 |  6.4

Action                   |  1- 3 |  4- 6 |  7- 9 || total
-------------------------+-------+-------+-------++-------
Melee: Dagger            |    70 |    98 |    29 ||   197
       Constrict         |    17 |    25 |     7 ||    49
       Tentacles         |     6 |    30 |     9 ||    45
Throw: Dart              |       |     2 |     2 ||     4
 Stab: Sleeping          |    20 |     7 |     4 ||    31
       Distracted        |       |     1 |       ||     1
Armor: Skin              |     2 |     5 |     1 ||     8
Dodge: Dodged            |    31 |    55 |    13 ||    99
